 Dungeon Crawl Stone Soup version 0.20.1-1-g8b1a95d (webtiles) character file.

60 Monsterracer the Scratcher (level 3, 15/15 HPs)
             Began as a Felid Artificer on Aug 25, 2017.
             Quit the game on level 3 of the Dungeon.
             The game lasted 00:04:45 (2362 turns).

Monsterracer the Scratcher (Felid Artificer)        Turns: 2362, Time: 00:04:46

Health: 15/15      AC:  1    Str:  8    XL:     3   Next: 80%
Magic:  6/6        EV: 18    Int: 12    God:
Gold:   102        SH:  0    Dex: 17    Spells: 2/2 levels left
                                        Lives:  0   Deaths: 1

rFire    . . .     SeeInvis +     - Unarmed
rCold    . . .     Gourm    .   (shield unavailable)
rNeg     . . .     Faith    .   (armour unavailable)
rPois    .         Spirit   .   (helmet unavailable)
rElec    .         Reflect  .   (cloak unavailable)
rCorr    .         Harm     .   (gloves unavailable)
MR       .....                  (boots unavailable)
Stlth    +++.......             (no amulet)
Regen    0.1/turn               (no ring)
MPRegen  0.1/turn               (no ring)

@: quick
A: no armour, no weapons or thrown items, stealth, claws 1, fangs 3, see
invisible, carnivore 3, speed 1, shaggy fur 1, slow metabolism 1, sharp paws
a: no special abilities


You were on level 3 of the Dungeon.
You were not hungry.

You visited 1 branch of the dungeon, and saw 3 of its levels.

You collected 102 gold pieces.

Inventory:

Wands
 a - a wand of flame (11/48)
 b - a wand of enslavement (13/24)
 c - a wand of random effects (13/48)
Scrolls
 e - 3 scrolls of teleportation {unknown}
 g - 3 scrolls of identify {unknown}
 j - a scroll of remove curse {unknown}
 l - 2 scrolls of enchant weapon {unknown}
Potions
 k - a potion of mutation {unknown}
 n - 2 potions of curing {unknown}
Comestibles
 d - a meat ration
 f - a royal jelly


   Skills:
 + Level 1.2 Fighting
 + Level 3.1 Dodging
 + Level 1.9 Stealth
 * Level 4.2 Unarmed Combat
 + Level 3.4 Evocations


You had 2 spell levels left.
You didn't know any spells.

Dungeon Overview and Level Annotations

Branches:
Dungeon (3/15)

Altars:
Qazlal
The Shining One

Annotations:
D:3 Ijyb


Innate Abilities, Weirdness & Mutations

You cannot wear armour.
You are incapable of wielding weapons or throwing items.
Your paws allow you to move quietly. (Stealth)
You have sharp claws.
You have razor-sharp teeth.
You have supernaturally acute eyesight. (SInv)
You are carnivorous and can eat meat at any time.
You cover ground quickly.
You are covered in fur. (AC +1)
You have a slow metabolism.
Your sharp claws are effective at attacking unaware monsters.


Message History

Ijyb is lightly wounded.
Ijyb misses you.
You scratch Ijyb but do no damage. Your claw misses Ijyb.
You bite Ijyb, but do no damage.
Ijyb is lightly wounded.
Ijyb hits you but does no damage.
You miss Ijyb.
Ijyb is lightly wounded.
Ijyb zaps a wand.
The bolt of lightning hits you!
* * * LOW HITPOINT WARNING * * *
Huge Dmg: -42%(-8hp) hp: 37%(7hp)
You scratch Ijyb.
Ijyb is moderately wounded.
Ijyb zaps a wand.
The bolt of lightning hits you!
Ouch! That really hurt!
You die...
You are now level 3!
You rejoin the land of the living...
Found a stone staircase leading up.
Are you sure you want to abandon this character and quit the game? (Confirm with "yes".) # #.#### #..@<# #.#### #

There were no monsters in sight!

Vanquished Creatures
  Terence (D:2)
  3 gnolls (D:2)
  2 adders (D:2)
  2 dart slugs
  A leopard gecko (D:2)
  4 bats
  3 giant cockroaches
  7 goblins
  2 hobgoblins
  3 jackals (D:2)
  7 kobolds
  4 frilled lizards
  A quokka skeleton (D:3)
  6 rats
46 creatures vanquished.

Vanquished Creatures (others)
  A gnoll (D:2)
1 creature vanquished.

Grand Total: 47 creatures vanquished

Notes
Turn   | Place    | Note
-------+----------+-------------------------------------------
     0 | D:1      | Monsterracer the Felid Artificer began the quest for the Orb.
     0 | D:1      | Reached XP level 1. HP: 9/9 MP: 4/4
   208 | D:1      | Reached skill level 2 in Unarmed Combat
   216 | D:1      | Reached XP level 2. HP: 12/12 MP: 5/5
   221 | D:1      | HP: 6/12 [dart slug/slug dart (3)]
   689 | D:2      | Noticed Terence
   696 | D:2      | Killed Terence
   696 | D:2      | Reached skill level 3 in Unarmed Combat
   696 | D:2      | Reached XP level 3. HP: 12/15 MP: 6/6
   706 | D:2      | HP: 7/15 [poisoned by Terence]
   965 | D:2      | HP: 3/15 [adder (5)]
   970 | D:2      | HP: 3/22 [poisoned by an adder]
  1055 | D:2      | HP: 4/15 [gnoll/stone (7)]
  1096 | D:2      | HP: 3/15 [jackal (3)]
  1439 | D:2      | Reached skill level 4 in Unarmed Combat
  1439 | D:2      | Reached XP level 4. HP: 16/19 MP: 7/7
  1454 | D:2      | HP: 9/19 [goblin/stone (1)]
  1789 | D:2      | HP: 9/19 [goblin/club (3)]
  1959 | D:2      | Found a stormy altar of Qazlal.
  2329 | D:3      | Found a glowing golden altar of the Shining One.
  2335 | D:3      | Noticed Ijyb
  2360 | D:3      | HP: 7/19 [Ijyb/wand of lightning (?/15) (9)]
  2361 | D:3      | Killed from afar by Ijyb
  2362 | D:3      | Reached XP level 3. HP: -18/15 MP: 6/6
  2362 | D:3      | Quit the game

Skill      XL: |  1  2  3  4 |
---------------+-------------+-----
Unarmed Combat | 2 3 4 |  4.2
Dodging        | 3 |  3.1
Fighting       | |  1.2
Stealth        | |  1.9
Evocations     | |  3.4

Action                   |  1- 3 |  4- 6 || total
-------------------------+-------+-------++-------
Melee: Unarmed           |    71 |    67 ||   138
       Bite              |     5 |     6 ||    11
       Punch             |     2 |     1 ||     3
Evoke: Wand              |     6 |     2 ||     8
  Use: Potion            |     2 |       ||     2
 Stab: Sleeping          |     5 |     1 ||     6
  Eat: Chunk             |     7 |     3 ||    10
Armor: Skin              |     6 |     3 ||     9
Dodge: Dodged            |    73 |    37 ||   110
